 Dungeon Sprint DCSS version 0.23-a0-313-gf30bb39 (webtiles) character file.

432 Creed the Blocker (level 6, -5/67 HPs)
             Began as a Deep Dwarf Fighter on Oct 12, 2018.
             Was an Initiate of Ru.
             Slain by a slime creature (16 damage)
             ... in the Dungeon (Sprint I: "Red Sonja").
             The game lasted 00:01:25 (185 turns).

Creed the Blocker (Deep Dwarf Fighter)               Turns: 185, Time: 00:01:26

Health: -5/67      AC:  6    Str: 22    XL:     6   Next: 67%
Magic:  0/0        EV:  8    Int:  8    God:    Ru [......]
Gold:   297        SH: 12    Dex: 12    Spells: 5/5 levels left

rFire    . . .     SeeInvis .   a - +0 flail
rCold    . . .     Gourm    .   c - +0 shield
rNeg     . . .     Faith    .   b - +0 scale mail
rPois    .         Spirit   .   (no helmet)
rElec    .         Reflect  .   (no cloak)
rCorr    .         Harm     .   (no gloves)
MR       .....     NoTele   +   (no boots)
Stlth    ..........             (no amulet)
HPRegen  0.00/turn              (no ring)
MPRegen  0.07/turn              (no ring)

@: non-regenerating
A: damage resistance, heal wounds, sense surroundings 1, no regeneration
a: Heal Wounds, Renounce Religion


You were in the Dungeon.
You worshipped Ru.
Ru was noncommittal.
You were not hungry.

You visited 1 branch You collected 297 gold pieces.

Inventory:

Hand Weapons
 a - a +0 flail (weapon)
Armour
 b - a +0 scale mail (worn)
 c - a +0 shield (worn)
Wands
 l - a wand of digging (9)
Scrolls
 k - a scroll of blinking
 n - a scroll of remove curse {unknown}
Potions
 d - a potion of might
 e - a potion of curing
 g - a potion of heal wounds
 h - a potion of haste
 i - 2 potions of magic
 j - a potion of berserk rage
 m - a potion of brilliance {unknown}
 o - a potion of flight {unknown}
Comestibles
 f - a ration


   Skills:
 + Level 8.1 Fighting
 + Level 8.6 Maces & Flails
 - Level 3.2 Armour
 + Level 9.7 Shields


You had 5 spell levels left.
You didn't know any spells.
Your spell library was empty.

Dungeon Overview and Level Annotations

Branches:
Dungeon (1/1)

Altars:
Cheibriados
Dithmenos
Elyvilon
Fedhas
Gozag
Hepliaklqana
Kikubaaqudgha
Makhleb
Nemelex Xobeh
Okawaru
Qazlal
Ru
Sif Muna
Trog
Uskayaw
Vehumet
Wu Jian
Xom
Yredelemnul
Zin
The Shining One
Jiyva
Lugonu

Shops:
D %


Innate Abilities, Weirdness & Mutations

You are resistant to damage.
You can heal yourself by infusing magical energy.
You passively map a small area around you.
You do not regenerate.


Message History

You hit the slime creature.
The slime creature is moderately wounded.
The slime creature hits you!!
You hit the slime creature.
The slime creature is moderately wounded.
You block the slime creature's attack.
You hit the slime creature.
The slime creature is heavily wounded.
The slime creature hits you!
* * * LOW HITPOINT WARNING * * *
You hit the slime creature.
The slime creature is heavily wounded.
You block the slime creature's attack.
You hit the slime creature but do no damage.
The slime creature is heavily wounded.
You block the slime creature's attack.
You hit the slime creature.
The slime creature is heavily wounded.
The slime creature hits you!
You die...

###################
#<.#..').#..'..#__#
#..').#..').#..@J.+,
,
#..#.###'#####'#__#
*
#..#.##..#...#.####
, #..#__####..##)# *
#..#_____##'#_.+ ≈ ,
#⌠⌠#_.∩...'..._#≈ ≈
* ####_..__##_.#'# *
* #_____###+#.#, +
####### * ### + *


You could see a slime creature.

Vanquished Creatures
  Sigmund (D)
  A yak (D)
  An ogre (D)
  A jelly (D)
  Ijyb (D)
5 creatures vanquished.

Notes
Turn   | Place    | Note
-------+----------+-------------------------------------------
     0 | D        | Creed the Deep Dwarf Fighter began the quest for the Orb.
     0 | D        | Reached XP level 1. HP: 20/20 MP: 1/1
     1 | D        | Noticed Ijyb
    24 | D        | Killed Ijyb
    24 | D        | Reached skill level 4 in Shields
    24 | D        | Reached XP level 2. HP: 13/30 MP: 2/2
    28 | D        | Found a white marble altar of Elyvilon.
    28 | D        | Found a glowing silver altar of Zin.
    28 | D        | Found a glowing golden altar of the Shining One.
    28 | D        | Found an iron altar of Okawaru.
    28 | D        | Found an ancient bone altar of Kikubaaqudgha.
    28 | D        | Found Tuadgh's Food Emporium.
    28 | D        | Found a basalt altar of Yredelemnul.
    28 | D        | Found a shadowy altar of Dithmenos.
    28 | D        | Found a sacrificial altar of Ru.
    28 | D        | Found a snail-covered altar of Cheibriados.
    28 | D        | Found an opulent altar of Gozag.
    29 | D        | Found a bloodstained altar of Trog.
    29 | D        | Found a hide-covered altar of Uskayaw.
    29 | D        | Found a hazy altar of Hepliaklqana.
    29 | D        | Found a sparkling altar of Nemelex Xobeh.
    32 | D        | Found a blossoming altar of Fedhas.
    32 | D        | Noticed a yak
    33 | D        | Found a stormy altar of Qazlal.
    57 | D        | Killed a yak
    57 | D        | Reached skill level 7 in Shields
    57 | D        | Reached XP level 3. HP: 20/40 MP: 1/1
    57 | D        | Reached XP level 4. HP: 24/48 MP: 2/2
    57 | D        | Reached XP level 5. HP: 28/55 MP: 3/3
    65 | D        | Became a worshipper of Ru the Awakened
    74 | D        | Noticed an ogre
    85 | D        | Killed an ogre
    85 | D        | Reached skill level 8 in Shields
    96 | D        | Noticed Sigmund
   112 | D        | Killed Sigmund
   112 | D        | Reached skill level 9 in Shields
   112 | D        | Reached XP level 6. HP: 57/67 MP: 1/1
   124 | D        | Found a deep blue altar of Sif Muna.
   125 | D        | Found an ornate altar of the Wu Jian Council.
   128 | D        | Found a radiant altar of Vehumet.
   167 | D        | Found a burning altar of Makhleb.
   167 | D        | Found a viscous altar of Jiyva.
   167 | D        | Found a shimmering altar of Xom.
   167 | D        | Found a corrupted altar of Lugonu.
   167 | D        | Noticed a slime creature
   185 | D        | Slain by a slime creature

Vault maps used:
D:        dungeon_sprint_1

Skill      XL: |  1  2  3  4  5 |
---------------+----------------+-----
Fighting       | 4 6 8 |  8.1
Maces & Flails | 3 6 8 |  8.6
Shields        | 4 7 9 |  9.7
Armour         | |  3.2

Action                   |  1- 3 |  4- 6 || total
-------------------------+-------+-------++-------
Melee: Flail             |    41 |    39 ||    80
 Abil: Heal Wounds       |     3 |     7 ||    10
Evoke: Wand              |     1 |       ||     1
Armor: Scale mail        |    10 |     3 ||    13
Dodge: Dodged            |    14 |     4 ||    18
Block: Shield            |    18 |    17 ||    35

Table legend:
 A = Non-vault XP
 B = Vault XP
 C = Vault XP percentage of total XP
 D = Non-vault monster count
 E = Vault monster count
 F = Vault count percentage of total count
                 A         B        C        D         E       F
            +---------+---------+-------+---------+---------+-------
      Total |       0 |     618 | 100.0 |       0 |       5 | 100.0
            +---------+---------+-------+---------+---------+-------
          D |       0 |     618 | 100.0 |       0 |       5 | 100.0
            +---------+---------+-------+---------+---------+-------
